 Dungeon Crawl Stone Soup version 0.29-a0-517-gbdf32494f2 (webtiles) character file.

Game seed: 6931910183599727599

1129 DocClef the Covert (level 8, -20/67 HPs)
             Began as a Gnoll Delver on May 30, 2022.
             Was an Initiate of Hepliaklqana.
             Killed from afar by a kobold (30 damage)
             ... with a bolt of acid
             ... on level 6 of the Dungeon.
             The game lasted 00:09:09 (6844 turns).

DocClef the Covert (Gnoll Delver)                   Turns: 6844, Time: 00:09:10

Health: -20/67     AC:  5    Str: 14    XL:     8   Next: 35%
Magic:  12/12      EV: 13    Int:  9    God:    Hepliaklqana [......]
Gold:   257        SH:  5    Dex: 14    Spells: 13/13 levels left

rFire   . . .      SeeInvis .   h - +1 short sword (speed)
rCold   . . .      Faith    .   t - +0 buckler
rNeg    . . .      Spirit   .   b - +0 leather armour
rPois   +          Reflect  .   E - +0 helmet
rElec   .          Harm     .   (no cloak)
rCorr   .          Rampage  .   (no gloves)
Will    .....                   u - +0 pair of boots
Stlth   ++++......              (no amulet)
HPRegen 0.21/turn               A - ring of poison resistance
MPRegen 0.13/turn               (no ring)

@: no status effects
A: fangs 1, strong nose, distributed training
a: Renounce Religion


You were on level 6 of the Dungeon.
You worshipped Hepliaklqana.
Hepliaklqana was noncommittal.
You visited 2 branches of the dungeon, and saw 8 of its levels.

You collected 257 gold pieces.

Inventory:

Hand Weapons
 a - a +0 short sword
 h - a +1 short sword of speed (weapon)
Missiles
 l - a throwing net (quivered)
Armour
 b - a +0 leather armour (worn)
 t - a +0 buckler (worn)
 u - a +0 pair of boots (worn)
 E - a +0 helmet (worn)
Jewellery
 A - a ring of poison resistance (left hand)
Wands
 g - a wand of digging (3)
 o - a wand of flame (38)
 v - a wand of charming (32)
Scrolls
 c - 2 scrolls of fog
 d - 2 scrolls of magic mapping
 i - a scroll of fear
 j - 3 scrolls of identify {unknown}
 m - a scroll of enchant armour {unknown}
 p - a scroll of teleportation {unknown}
 s - a scroll of torment {unknown}
 x - a scroll of vulnerability {unknown}
 y - 2 scrolls of enchant weapon {unknown}
 z - 2 scrolls of poison {unknown}
 B - a scroll of amnesia {unknown}
 C - a scroll of immolation {unknown}
 D - a scroll of noise {unknown}
 F - a scroll of blinking {unknown}
Potions
 e - a potion of flight {unknown}
 f - a potion of haste
 k - a potion of degeneration {unknown}
 n - a potion of cancellation {unknown}
 q - 6 potions of curing {unknown}
 r - 2 potions of mutation {unknown}
 w - 2 potions of might {unknown}
 G - a potion of brilliance {unknown}
 H - a potion of magic {unknown}


   Skills:
 + Level 7.3 Fighting
 + Level 5.6 Short Blades
 + Level 3.2 Long Blades
 + Level 3.2 Axes
 + Level 3.2 Maces & Flails
 + Level 3.2 Polearms
 + Level 3.2 Staves
 + Level 3.2 Slings
 + Level 3.2 Bows
 + Level 3.2 Crossbows
 + Level 3.2 Throwing
 + Level 3.2 Armour
 + Level 5.6 Dodging
 + Level 10.1 Stealth
 + Level 3.2 Shields
 + Level 3.2 Unarmed Combat
 + Level 3.2 Spellcasting
 + Level 2.6 Conjurations
 + Level 2.6 Hexes
 + Level 2.6 Summonings
 + Level 2.6 Necromancy
 + Level 2.6 Translocations
 + Level 2.6 Transmutations
 + Level 2.6 Fire Magic
 + Level 2.6 Ice Magic
 + Level 2.6 Air Magic
 + Level 2.6 Earth Magic
 + Level 2.6 Poison Magic
 + Level 3.5 Invocations
 + Level 3.2 Evocations


You had 13 spell levels left.
You didn't know any spells.
Your spell library contained the following spells:

 Spells                   Type           Power      Damage    Failure   Level
 Ensorcelled Hibernation  Hex/Ice        12%        N/A       24%         2
 Passwall                 Tmut/Erth      5%         N/A       24%         2
 Dazzling Flash           Conj/Hex       12%        N/A       43%         3
 Swiftness                Air            6%         N/A       43%         3
 Iskenderun's Mystic Bla  Conj/Tloc      6%         2d4       85%         4
 Starburst                Conj/Fire      3%         6d3       100%        6


Dungeon Overview and Level Annotations

Branches:
Dungeon (7/15)             Temple (1/1) D:4

Altars:
Dithmenos
Gozag
Hepliaklqana
Makhleb
Nemelex Xobeh
Ru
Uskayaw
Vehumet
Wu Jian
Yredelemnul
Zin
The Shining One

Annotations:
D:2 Sigmund


Innate Abilities, Weirdness & Mutations

You have very sharp teeth.
Your uncanny sense of smell can sniff out nearby items.
Your experience applies equally to all skills.


Message History

An ogre is nearby!
An ogre is nearby!
An ogre is nearby!
An ogre is nearby!
An ogre is nearby!
A two-headed ogre comes into view. It is wielding two +0 giant clubs.
The two-headed ogre shouts in stereo!
The ogre shouts!
You hit the ogre but do no damage. You block the ogre's attack.
There is a stone staircase leading up here.
You climb upwards.
You block the orc's attack. You block the white imp's attack.
The orc hits you but does no damage. The orc hits you with a +0 flail.
The kobold zaps a wand.
The bolt of acid hits the orc.
The acid corrodes the orc!
The bolt of acid hits you!!
The bolt of acid hits the orc!!
The acid corrodes the orc!
The orc dies!
The white imp completely misses you.
The kobold zaps a wand.
The bolt of acid hits the orc!!!
The orc seems to be corroded for longer.
The orc dies!
The bolt of acid hits you!!
* * * LOW HITPOINT WARNING * * *
The orc completely misses you.
There is a stone staircase leading down here.
The white imp gestures at you. The puff of frost hits you.
* * * LOW HITPOINT WARNING * * *
The kobold brigand throws a poisoned dart.
The poisoned dart hits you! You block the orc's attack.
The kobold brigand throws a poisoned dart.
The poisoned dart hits you!
You open the door. The white imp puffs mist at you. The orc misses you.
There is an open door here.
The kobold zaps a wand.
The bolt of acid hits the orc!!!
The acid corrodes the orc!
The orc dies!
The bolt of acid hits you!!
You die...

................#.......#
................#.......#
................#.).....#
#.....##........#.>.....#
#.....##...###..#).K....###
#.....##...###..###KK......
#.................#........
+....s............#.K......
#####+## .......@.)5.......
..####+###........
#####.... .... ... ∆ ..


You could see a white imp and a kobold.

Vanquished Creatures
  An ice beast (D:5)
  A black bear (D:4)
  2 ogres
  A centaur (D:6)
  2 scorpions (D:5)
  4 orc priests
  An iguana (D:5)
  Natasha (thrice) (D:3)
  4 orc wizards
  Robin (D:4)
  8 gnolls
  6 adders
  3 ufetubi
  2 dart slugs
  17 orcs
  4 ball pythons
  10 bats
  6 endoplasms
  3 giant cockroaches
  10 goblins
  7 hobgoblins
  A jackal (D:3)
  8 kobolds
  4 quokkas
  A frilled lizard (D:1)
  3 rats
113 creatures vanquished.

Vanquished Creatures (others)
  4 orcs (D:6)
4 creatures vanquished.

Grand Total: 117 creatures vanquished

Notes
Turn   | Place    | Note
-------+----------+-------------------------------------------
     0 | D:5      | Reached skill level 9 in Stealth
     0 | D:5      | DocClef the Gnoll Delver began the quest for the Orb.
     0 | D:5      | Reached XP level 1. HP: 23/23 MP: 1/1
     3 | D:5      | Noticed a scorpion
   275 | D:4      | Noticed an orc wizard
   360 | D:4      | Noticed an orc wizard
   361 | D:4      | Noticed an orc priest
   364 | D:4      | Killed an orc priest
   365 | D:4      | Reached XP level 2. HP: 29/29 MP: 1/3
   365 | D:4      | Reached XP level 3. HP: 35/35 MP: 1/4
   367 | D:4      | Reached skill level 1 in Long Blades
   367 | D:4      | Reached skill level 1 in Axes
   367 | D:4      | Reached skill level 1 in Maces & Flails
   367 | D:4      | Reached skill level 1 in Polearms
   367 | D:4      | Reached skill level 1 in Staves
   367 | D:4      | Reached skill level 1 in Slings
   367 | D:4      | Reached skill level 1 in Bows
   367 | D:4      | Reached skill level 1 in Crossbows
   367 | D:4      | Reached skill level 1 in Throwing
   367 | D:4      | Reached skill level 1 in Armour
   367 | D:4      | Reached skill level 1 in Shields
   367 | D:4      | Reached skill level 1 in Unarmed Combat
   367 | D:4      | Reached skill level 1 in Spellcasting
   367 | D:4      | Reached skill level 1 in Invocations
   367 | D:4      | Reached skill level 1 in Evocations
   367 | D:4      | Reached XP level 4. HP: 41/41 MP: 1/5
   545 | D:4      | Noticed a black bear
   668 | D:3      | Reached skill level 1 in Conjurations
   668 | D:3      | Reached skill level 1 in Hexes
   668 | D:3      | Reached skill level 1 in Summonings
   668 | D:3      | Reached skill level 1 in Necromancy
   668 | D:3      | Reached skill level 1 in Translocations
   668 | D:3      | Reached skill level 1 in Transmutations
   668 | D:3      | Reached skill level 1 in Fire Magic
   668 | D:3      | Reached skill level 1 in Ice Magic
   668 | D:3      | Reached skill level 1 in Air Magic
   668 | D:3      | Reached skill level 1 in Earth Magic
   668 | D:3      | Reached skill level 1 in Poison Magic
  1101 | D:3      | Noticed Natasha
  1127 | D:3      | Killed Natasha
  1128 | D:3      | Reached XP level 5. HP: 38/47 MP: 5/7
  1493 | D:3      | Noticed Natasha
  1520 | D:3      | Killed Natasha
  1642 | D:3      | Noticed Natasha
  1652 | D:3      | Killed Natasha
  2333 | D:1      | Reached XP level 6. HP: 22/53 MP: 8/8
  2944 | D:1      | Found a faded altar of an unknown god.
  3631 | D:2      | Noticed Sigmund
  3735 | D:3      | Reached skill level 5 in Short Blades
  3735 | D:3      | Reached skill level 5 in Dodging
  4098 | D:4      | Found a staircase to the Ecumenical Temple.
  4132 | Temple   | Entered the Ecumenical Temple
  4202 | Temple   | Became a worshipper of Hepliaklqana the Forgotten
  4322 | D:4      | HP: 1/53 [ogre/+0 giant club (21)]
  4663 | D:4      | Reached XP level 7. HP: 59/59 MP: 10/10
  4671 | D:4      | Found a glowing silver altar of Zin.
  4730 | D:4      | Noticed Robin
  4862 | D:4      | Killed Robin
  5128 | D:4      | Found a hide-covered altar of Uskayaw.
  5606 | D:5      | Reached skill level 10 in Stealth
  5833 | D:5      | Reached XP level 8. HP: 39/67 MP: 12/12
  6547 | D:5      | Found a radiant altar of Vehumet.
  6823 | D:7      | Noticed a two-headed ogre
  6844 | D:6      | Killed from afar by a kobold

Illustrated notes

Levels and vault maps discovered:
D:1:      dpeg_arrival_ternary, layout_basic,
          hellmonk_ecumenical_altar_pennies_from_heaven
D:2:      layout_loops_corners, uniq_sigmund
D:3:      layout_rooms, minmay_fractal_squares_diagonal_5, uniq_natasha
D:4:      layout_gridville, kennysheep_little_box, mainiacjoe_overflow_24_doors,
          minmay_temple_entry_slanted, minivault_14, kennysheep_small_spiral,
          uniq_robin
D:5:      layout_rooms, mainiacjoe_overflow_alcove_4
D:6:      layout_gridville, chequers_temple_overflow_minitemple,
          gammafunk_temple_overflow_wave
D:7:      minmay_opposing_rooms, layout_basic, okawaru_gym_becter,
          minmay_circle_x
Temple:   compressed_dpeg_triangle_lava_temple

Skill      XL: |  1  2  3  4  5  6  7  8 |
---------------+-------------------------+-----
Stealth        | 10 | 10.1
Long Blades    | 1 2 3 |  3.2
Axes           | 1 2 3 |  3.2
Maces & Flails | 1 2 3 |  3.2
Polearms       | 1 2 3 |  3.2
Staves         | 1 2 3 |  3.2
Slings         | 1 2 3 |  3.2
Bows           | 1 2 3 |  3.2
Crossbows      | 1 2 3 |  3.2
Throwing       | 1 2 3 |  3.2
Armour         | 1 2 3 |  3.2
Shields        | 1 2 3 |  3.2
Unarmed Combat | 1 2 3 |  3.2
Spellcasting   | 1 2 3 |  3.2
Invocations    | 1 2 3 |  3.5
Evocations     | 1 2 3 |  3.2
Conjurations   | 1 2 |  2.6
Hexes          | 1 2 |  2.6
Summonings     | 1 2 |  2.6
Necromancy     | 1 2 |  2.6
Translocations | 1 2 |  2.6
Transmutations | 1 2 |  2.6
Fire Magic     | 1 2 |  2.6
Ice Magic      | 1 2 |  2.6
Air Magic      | 1 2 |  2.6
Earth Magic    | 1 2 |  2.6
Poison Magic   | 1 2 |  2.6
Short Blades   | 5 |  5.6
Dodging        | 5 |  5.6
Fighting       | 7 |  7.3

Action                   |  1- 3 |  4- 6 |  7- 9 || total
-------------------------+-------+-------+-------++-------
Melee: Short sword       |     7 |   263 |   189 ||   459
       Bite              |       |    26 |    21 ||    47
       Punch             |       |     2 |       ||     2
  Use: Scroll            |     1 |       |       ||     1
 Stab: Sleeping          |     4 |    20 |     8 ||    32
       Distracted        |       |     1 |       ||     1
Armor: Leather armour    |     1 |    45 |    22 ||    68
Dodge: Dodged            |     2 |   112 |    87 ||   201
Block: Buckler           |       |    29 |    34 ||    63

Table legend: (Time is in decaauts)
 A = Elapsed time spent in this place.
 B = Non-inter-level travel time spent in this place.
 C = Inter-level travel time spent in this place.
 D = Time resting spent in this place.
 E = Time spent auto-exploring this place.
 F = Levels seen in this place.
 G = Mean time per level.
                   A        B        C        D        E       F      G
               +--------+--------+--------+--------+--------+-----+--------+
         Total |   6668 |   6527 |    141 |   1549 |   3731 |   8 |  833.5 |
       Dungeon |   6514 |   6387 |    127 |   1485 |   3723 |   7 |  930.6 |
        Temple |    154 |    140 |     14 |     64 |      8 |   1 |  154.0 |
               +--------+--------+--------+--------+--------+-----+--------+

Top non-repeatable levels by time:
     D:4: 2010 daAuts
     D:3: 1443 daAuts
     D:1: 1272 daAuts
     D:5: 923 daAuts
     D:2: 608 daAuts
     D:7: 194 daAuts
  Temple: 154 daAuts
     D:6: 61 daAuts
